 Dungeon Crawl Stone Soup version 0.28.0-47-ge53b351184 (console) character file.

Game seed: 18244186045245960376

54 Faeu the Shield-Bearer (level 3, 0/49 HPs)
             Began as a Minotaur Fighter on May 2, 2022.
             Succumbed to an adder's poison
             ... on level 3 of the Dungeon.
             The game lasted 00:03:16 (1305 turns).

Faeu the Shield-Bearer (Minotaur Fighter)           Turns: 1305, Time: 00:03:17

Health: 0/49       AC:  7    Str: 22    XL:     3   Next: 66%
Magic:  2/2        EV:  9    Int:  5    God:
Gold:   136        SH:  4    Dex:  9    Spells: 2/2 levels left

rFire   . . .      SeeInvis .   a - +0 war axe {axe}
rCold   . . .      Faith    .   c - +0 buckler
rNeg    . . .      Spirit   .   b - +0 scale mail
rPois   .          Reflect  .   (helmet restricted)
rElec   .          Harm     .   (no cloak)
rCorr   .          Rampage  .   (no gloves)
Will    .....                   (no boots)
Stlth   ..........              (no amulet)
HPRegen 0.16/turn               (no ring)
MPRegen 0.08/turn               (no ring)

@: berserking, lethally poisoned (0 -> -4), hasted, very quick
A: horns 2, retaliatory headbutt
a: no special abilities


You were on level 3 of the Dungeon.
You visited 1 branch of the dungeon, and saw 3 of its levels.

You collected 136 gold pieces.


Innate Abilities, Weirdness & Mutations

You have a pair of horns on your head.
You reflexively headbutt those who attack you in melee.


   Skills:
 + Level 4.1 Fighting
 + Level 3.1 Axes
 + Level 4.2 Armour
 + Level 4.3 Shields


You had 2 spell levels left.
You didn't know any spells.
Your spell library was empty.

Inventory:

Hand Weapons
 a - a +0 war axe (weapon) {axe}
Armour
 b - a +0 scale mail (worn)
 c - a +0 buckler (worn)
Jewellery
 j - an amulet of magic regeneration {@e2}
   (You found it on level 2 of the Dungeon)
Scrolls
 f - 2 scrolls of fear {unknown}
 g - 2 scrolls of identify {unknown}
 i - a scroll of enchant weapon {unknown}
 l - a scroll of vulnerability {unknown}
 m - a scroll of teleportation {unknown}
Potions
 d - a potion of might
 k - a potion of resistance {unknown}

Dungeon Overview and Level Annotations

Branches:
Dungeon (3/15)

Altars:

Shops:
D:2

: #.............. .
####..............
....###....(..........<.
....o.................).
..##.###g#.............<
.g.. #.#w####...........
.# ##.#.# #....#.#####
#..#o# .##.#. #..K.#
###... ##..S####.## #
#...@.......
#.#.......... #
#..##...... .... ......
#.... ...... ##... .<...
.... ..... #.#.. ....


You could see an adder, a dart slug, an orc, a goblin and a kobold.


Message History

You take 1 damage, and now have 17/33 hp.
You feel sick. 😨 HP[-1]
You take 1 damage, and now have 16/33 hp.
You feel sick.
The adder bites you but does no damage. 😨 HP[-1]
You take 1 damage, and now have 15/33 hp.
You feel sick.
You are no longer poisoned. 😨 HP[-1]
You take 1 damage, and now have 14/33 hp.
The adder bites you but does no damage. The adder bites you but does no damage.
The ball python closely misses you. The ball python grabs you.
The ball python constricts you.
The adder bites you but does no damage. 😨 HP[+1]
You escape the ball python's grasp.
The adder bites you.
* * * LOW HITPOINT WARNING * * *
😨 HP[-3]
You take 3 damage, and now have 12/33 hp.
The adder bites you but does no damage. 😨 HP[+1]
The adder bites you.
* * * LOW HITPOINT WARNING * * *
😨 HP[-2]
You take 2 damage, and now have 11/33 hp.
There is a stone staircase leading down here.
The adder bites you but does no damage. x2
You climb downwards.
The dart slug barely misses you.
There is a stone staircase leading up here.
A rat and a hobgoblin come into view.
The kobold throws a stone.
The stone hits you but does no damage. 😨 HP[+1]
The dart slug launches a dart at you. The slug dart misses you.
The adder bites you but does no damage.
The kobold throws a stone.
The stone barely misses you. The rat barely misses you.
The rat barely misses you. You furiously retaliate!
You headbutt the rat.
You kill the rat!
The adder misses you. The hobgoblin completely misses you. The adder bites you.
* * * LOW HITPOINT WARNING * * *
You are poisoned.
The adder poisons you! 😨 HP[-2]
You take 2 damage, and now have 10/33 hp.
* * * LOW HITPOINT WARNING * * *
You feel sick.
The adder bites you but does no damage. 😱 HP[-2]
You take 2 damage, and now have 8/33 hp.
You feel sick. 😱 HP[-1]
You take 1 damage, and now have 7/33 hp.
You feel sick. You block the adder's attack. 😱 HP[-1]
You take 1 damage, and now have 6/33 hp.
An orc comes into view. It is wielding a +0 whip.
You feel sick.
The orc shouts! 😱 HP[-1]
You take 1 damage, and now have 5/33 hp.
A goblin comes into view. It is wielding a +0 dagger.
You feel sick.
The goblin shouts!
The hobgoblin barely misses you. 😱 HP[-1]
You take 1 damage, and now have 4/33 hp.
You feel sick. The adder barely misses you. You furiously retaliate!
You headbutt the adder, but do no damage.
The hobgoblin barely misses you. You furiously retaliate!
You headbutt the hobgoblin.
You kill the hobgoblin! 😱 HP[-1]
You take 1 damage, and now have 3/33 hp.
You feel sick.
You are no longer poisoned.
The adder bites you but does no damage. 😱 HP[-1]
You take 1 damage, and now have 2/33 hp. 😱 HP[+1]
The dart slug briefly extends its eye-stalks.
The adder bites you but does no damage.
The kobold throws a stone.
The stone barely misses you.
It was a potion of haste.
You feel yourself speed up. The adder bites you.
* * * LOW HITPOINT WARNING * * *
You are lethally poisoned!
The adder poisons you! The adder completely misses you.
You furiously retaliate!
You headbutt the adder. 😱 HP[-2]
You take 2 damage, and now have 1/33 hp.
It was a potion of berserk rage.
A red film seems to cover your vision as you go berserk!
You feel yourself moving faster!
You feel mighty!
* * * LOW HITPOINT WARNING * * *
You feel sick.
You now have 49 max hp (+16).
You barely miss the adder.
You die...

Skill      XL: |  1  2  3 |
---------------+----------+-----
Armour         | 4 |  4.2
Fighting       | 4 |  4.1
Shields        | 4 |  4.3
Axes           | 3 |  3.1

Action                   || total
-------------------------++-------
Melee: War axe           ||    66
       Headbutt          ||    10
  Use: Potion            ||     2
Armor: Scale mail        ||    54
Dodge: Dodged            ||    52
Block: Buckler           ||    27

Levels and vault maps discovered:
D:1:      lightli_arrival_isolated_outpost, layout_loops_ring,
          minmay_stone_trees_small, minmay_misc_feat_chi
D:2:      layout_rooms, serial_shops, nicolae_shop_competitors_out_of_business,
          ebering_ecumenical_altar_rust
D:3:      minmay_skewed_foursquare, layout_rooms, serial_shops, shop,
          chequers_serial_rivers_micro_a, st_stairs_1, serial_bayou_pond_d

Notes
Turn   | Place    | Note
-------+----------+-------------------------------------------
     0 | D:1      | Faeu the Minotaur Fighter began the quest for the Orb.
     0 | D:1      | Reached XP level 1. HP: 19/19 MP: 0/0
     0 | D:1      | magus.rc [v1.9.6]
   355 | D:1      | Reached XP level 2. HP: 25/27 MP: 1/1
   514 | D:1      | Reached skill level 4 in Armour
   576 | D:1      | Reached skill level 4 in Fighting
   576 | D:1      | Reached skill level 4 in Shields
   655 | D:1      | Reached XP level 3. HP: 33/33 MP: 2/2
   726 | D:1      | Reached skill level 3 in Axes
   758 | D:2      | Found a faded altar of an unknown god.
  1179 | D:2      | Found Ciloddack's Book Shop.
  1291 | D:3      | HP: 8/33 [poisoned by an adder]
  1296 | D:3      | HP: 3/33 [poisoned by an adder]
  1303 | D:3      | HP: 1/33 [adder (2)]
  1305 | D:3      | Succumbed to an adder's poison

Vanquished Creatures
  A gnoll (D:1)
  A dart slug (D:1)
  3 orcs
  2 ball pythons
  5 bats
  4 endoplasms
  5 giant cockroaches
  A goblin (D:1)
  3 hobgoblins
  A quokka (D:1)
  A frilled lizard (D:2)
  3 kobolds
  7 rats
37 creatures vanquished.

Table legend:
 A = Non-vault XP
 B = Vault XP
 C = Vault XP percentage of total XP
 D = Non-vault monster count
 E = Vault monster count
 F = Vault count percentage of total count
                 A         B        C        D         E       F
            +---------+---------+-------+---------+---------+-------
      Total |      78 |       0 |   0.0 |      37 |       0 |   0.0
            +---------+---------+-------+---------+---------+-------
        D:1 |      44 |       0 |   0.0 |      18 |       0 |   0.0
        D:2 |      28 |       0 |   0.0 |      16 |       0 |   0.0
        D:3 |       6 |       0 |   0.0 |       3 |       0 |   0.0
            +---------+---------+-------+---------+---------+-------

Illustrated notes

Table legend:
 A = Kills in this place as a percentage of kills in entire the game.
 B = Kills by you in this place as a percentage of kills by you in the entire game.
 C = Kills by friends in this place as a percentage of kills by friends in the entire game.
 D = Other kills in this place as a percentage of other kills in the entire game.
 E = Experience gained in this place as a percentage of experience gained in the entire game.
 F = Experience gained in this place divided by the number of levels of this place that you have seen.
                   A       B       C       D       E      F
               +-------+-------+-------+-------+-------+----------------------
         Total | 100.0 | 100.0 |   N/A |   N/A | 100.0 |  26.0
       Dungeon | 100.0 | 100.0 |   N/A |   N/A | 100.0 |  26.0
               +-------+-------+-------+-------+-------+----------------------

Table legend: (Time is in decaauts)
 A = Elapsed time spent in this place.
 B = Non-inter-level travel time spent in this place.
 C = Inter-level travel time spent in this place.
 D = Time resting spent in this place.
 E = Time spent auto-exploring this place.
 F = Levels seen in this place.
 G = Mean time per level.
                   A        B        C        D        E       F      G
               +--------+--------+--------+--------+--------+-----+--------+
         Total |   1338 |   1311 |     27 |      0 |    901 |   3 |  446.0 |
       Dungeon |   1338 |   1311 |     27 |      0 |    901 |   3 |  446.0 |
               +--------+--------+--------+--------+--------+-----+--------+

Top non-repeatable levels by time:
     D:1: 778 daAuts
     D:2: 524 daAuts
     D:3: 35 daAuts
